Map: [ESL] Tropical Sacrifice

Players

Ryung - Winner!

  • Race: Terran Terran
  • Spawn Location: 7:00

SKillous

  • Race: Protoss Protoss
  • Spawn Location: 1:00

Event: TSL 9

VOD

Have the link to the VOD?

Description

Time

  • Played on: July 31, 2022, 9:22 a.m.
  • Length: 9:58

All games in this series

Show
View Real Time Build Order
Export as new Build Order

Ryung Terran - Winner!

Build Orders:  

Get SALT Encoding   

  12  0:00  SCV  
  13  0:12  SCV  
  14  0:18  Supply Depot  
  14  0:24  SCV  
  15  0:39  SCV  
  15  0:40  Barracks  
  16  0:44  Refinery  
  16  0:51  SCV  
  16  0:55  Refinery  
  17  1:03  SCV  
  18  1:16  SCV  
  19  1:20  Supply Depot  
  19  1:27  Reaper  
  19  1:31  Orbital Command  
  20  1:44  Factory  
  20  1:57  SCV  
  20  2:00  Reaper  
  22  2:09  SCV  
  23  2:21  SCV  
  24  2:25  Command Center  
  24  2:31  Hellion  
  24  2:36  SCV  
  27  2:38  Barracks Reactor  
  27  2:48  SCV  
  27  2:49  Starport  
  28  2:52  Factory Tech Lab  
  28  2:55  Supply Depot  
  28  3:00  SCV  
  29  3:14  SCV  
  29  3:16  Cyclone  
  29  3:17  Marine x2  
  35  3:26  Viking  
  35  3:31  SCV  
  36  3:35  Marine x2  
  36  3:41  Orbital Command  
  36  3:43  SCV  
  37  3:50  Cyclone  
  37  3:53  Marine  
  37  3:54  Marine  
  42  3:59  SCV  
  43  4:04  Viking  
  43  4:08  SCV  
  46  4:11  SCV  
  46  4:14  Marine x2  
  49  4:21  SCV  
  49  4:23  SCV  
  49  4:24  Supply Depot  
  51  4:33  SCV  
  51  4:35  SCV  
  51  4:38  Command Center  
  53  4:45  SCV  
  54  4:47  Supply Depot, SCV  
  54  4:51  Factory Tech Lab  
  55  4:57  Barracks, SCV  
  55  4:59  SCV  
  57  5:01  Barracks  
  57  5:03  Marine x2  
  59  5:09  SCV  
  59  5:11  SCV  
  59  5:14  Engineering Bay  
  61  5:17  Starport Reactor  
  61  5:18  Engineering Bay  
  61  5:22  SCV  
  61  5:23  SCV  
  61  5:27  Supply Depot, Marine x2  
  65  5:30  Bunker, Factory Reactor  
  65  5:39  SCV x2  
  65  5:41  Terran Infantry Weapons Level 1  
  67  5:45  Terran Infantry Armor Level 1  
  67  5:46  Refinery  
  67  5:48  Stimpack  
  67  5:52  SCV x2  
  67  5:53  Orbital Command  
  67  5:55  Combat Shield  
  69  5:59  Marine x4  
  72  6:06  Refinery  
  72  6:08  Barracks  
  72  6:16  Medivac x2  
  72  6:17  Marine  
  77  6:21  Barracks, Missile Turret  
  77  6:24  Missile Turret  
  77  6:25  Marauder  
  79  6:29  Marauder  
  79  6:31  Widow Mine x2  
  79  6:32  SCV  
  86  6:33  SCV, Orbital Command  
  86  6:39  Supply Depot  
  87  6:43  Marine x2  
  87  6:44  SCV  
  87  6:45  SCV  
  91  6:47  Marauder  
  93  7:00  Medivac x2  
  93  7:01  Widow Mine x2  
  101  7:02  Supply Depot x2  
  101  7:08  Barracks Tech Lab  
  101  7:09  Barracks Reactor  
  101  7:15  Supply Depot  
  101  7:20  Armory  
  101  7:21  Supply Depot  
  101  7:23  SCV x3, Marauder, Concussive Shells  
  101  7:28  Supply Depot  
  106  7:32  Supply Depot  
  106  7:35  SCV x2  
  106  7:36  Marauder x2, Marine x2  
  114  7:39  Widow Mine  
  116  7:47  Widow Mine  
  116  7:49  Medivac x2  
  116  7:50  SCV x3  
  125  8:00  Widow Mine  
  125  8:01  Supply Depot, Marauder x3  
  125  8:02  SCV x2  
  125  8:03  Marine  
  136  8:11  SCV  
  137  8:14  SCV x2  
  139  8:20  Refinery x2, Missile Turret  
  139  8:24  Supply Depot  
  139  8:31  Marine x4  
  143  8:35  Medivac, Widow Mine  
  143  8:36  Widow Mine  
  150  8:41  SCV x3  
  150  8:43  Ghost Academy  
  150  8:47  Marauder x3  
  158  8:53  Marine x4  
  159  8:58  SCV x3  
  162  9:08  Marauder, Marine  
  164  9:10  SCV x2  
  164  9:11  Marine  
  164  9:12  Marauder  
  164  9:13  Marine x2  
  164  9:14  Marine  
  164  9:16  SCV  
  165  9:21  Supply Depot  
  165  9:22  SCV, Medivac, Widow Mine x2  
  172  9:28  Marine  
  172  9:29  Marine  
Show
View Real Time Build Order
Export as new Build Order

SKillous Protoss 

Build Orders: 1 Gate Expand, Phoenix Opening, Zealot Archon 

Get SALT Encoding   

  12  0:00  Probe  
  13  0:12  Probe  
  14  0:17  Pylon  
  14  0:24  Probe  
  15  0:36  Gateway  
  15  0:37  Probe (Chrono Boost)  
  16  0:47  Probe (Chrono Boost), Assimilator  
  17  0:52  Probe (Chrono Boost)  
  18  1:03  Probe  
  19  1:16  Probe  
  20  1:23  Cybernetics Core  
  20  1:35  Nexus  
  20  1:44  Pylon  
  20  1:46  Probe  
  21  1:53  Assimilator  
  21  1:58  Probe  
  21  1:59  Adept (Chrono Boost)  
  23  2:10  Probe (Chrono Boost)  
  24  2:22  Adept, Probe (Chrono Boost)  
  27  2:26  Probe (Chrono Boost)  
  27  2:28  Stargate  
  29  2:37  Probe (Chrono Boost)  
  29  2:40  Warp Gate  
  29  2:47  Probe (Chrono Boost)  
  31  2:52  Adept  
  31  2:55  Probe (Chrono Boost)  
  31  2:57  Probe (Chrono Boost)  
  34  3:01  Probe (Chrono Boost)  
  34  3:04  Shield Battery, Probe  
  36  3:11  Phoenix (Chrono Boost)  
  38  3:20  Probe  
  38  3:21  Probe  
  37  3:29  Phoenix  
  37  3:32  Probe  
  37  3:33  Probe  
  40  3:37  Pylon  
  40  3:42  Gateway  
  40  3:46  Probe (Chrono Boost)  
  40  3:47  Probe (Chrono Boost)  
  42  3:54  Phoenix  
  44  3:59  Probe (Chrono Boost)  
  44  4:00  Probe (Chrono Boost)  
  46  4:04  Probe (Chrono Boost)  
  46  4:08  Probe  
  48  4:17  Probe  
  49  4:19  Phoenix (Chrono Boost)  
  49  4:21  Probe  
  50  4:25  Pylon  
  50  4:28  Adept  
  50  4:29  Probe  
  53  4:33  Probe  
  54  4:42  Nexus  
  55  4:45  Probe, Pylon  
  55  4:46  Probe  
  55  4:48  Adept  
  58  4:57  Twilight Council  
  58  4:58  Phoenix  
  60  5:02  Probe x2  
  60  5:04  Shield Battery  
  62  5:09  Assimilator  
  62  5:14  Probe  
  63  5:15  Gateway  
  63  5:22  Gateway  
  63  5:24  Sentry  
  63  5:27  Charge (Chrono Boost)  
  65  5:30  Probe  
  65  5:34  Gateway  
  66  5:36  Gateway  
  66  5:41  Gateway  
  66  5:46  Probe, Gateway  
  66  5:48  Probe (Chrono Boost)  
  70  5:58  Probe (Chrono Boost)  
  70  5:59  Sentry  
  70  6:01  Pylon  
  70  6:04  Probe (Chrono Boost)  
  75  6:08  Probe x2 (Chrono Boost)  
  77  6:12  Probe (Chrono Boost)  
  77  6:13  Probe (Chrono Boost)  
  77  6:16  Probe  
  77  6:17  Templar Archives  
  77  6:22  Zealot x3, Probe  
  77  6:24  Pylon  
  84  6:26  Probe, Pylon  
  85  6:35  Pylon  
  85  6:37  Zealot x2  
  85  6:38  Zealot x2  
  93  6:41  Pylon  
  91  6:58  High Templar  
  91  6:59  Zealot x6, High Templar  
  91  7:01  Probe  
  107  7:03  Archon, Pylon  
  107  7:07  Forge  
  107  7:12  Probe (Chrono Boost)  
  107  7:14  Probe (Chrono Boost), Assimilator  
  110  7:17  Probe (Chrono Boost)  
  110  7:19  Robotics Facility  
  111  7:24  Probe (Chrono Boost), Assimilator  
  111  7:28  Probe (Chrono Boost)  
  111  7:29  Probe x2 (Chrono Boost)  
  113  7:31  Nexus  
  113  7:32  Pylon  
  113  7:36  Probe  
  115  7:38  Probe  
  112  7:44  Protoss Ground Weapons Level 1 (Chrono Boost)  
  110  7:53  Sentry  
  110  7:54  Blink (Chrono Boost)  
  110  7:55  Stalker x3  
  118  8:02  Probe  
  119  8:08  Observer  
  120  8:13  Stalker x2  
  120  8:14  Robotics Bay  
  120  8:17  Shield Battery  
  120  8:18  Probe x2  
  126  8:20  Shield Battery  
  126  8:21  Photon Cannon  
  126  8:25  Pylon  
  126  8:28  Stalker  
  126  8:29  Zealot x4, Stalker  
  136  8:38  Probe x3  
  137  8:42  Observer (Chrono Boost)  
  137  8:43  Robotics Facility  
  138  8:52  Stalker x4  
  140  9:00  Disruptor (Chrono Boost)  
  143  9:04  Zealot x4  
  142  9:15  Zealot x4  
  118  9:17  Observer  
  112  9:29  Zealot x4  
  100  9:41  Stalker x3  
  100  9:42  Stalker  
Tags
 
Add a new tag
Caveats
  • Supply blocks, unpowered buildings, or Contaminate may cause inaccurate times.
  • Supply counts are checked every 10 seconds.